 Dungeon Crawl Stone Soup version 0.30-a0-715-gdb4ae3ece1 (webtiles) character file.

Game seed: 14907363305066186698

103 Leeroy the Slasher (level 4, 0/26 HPs)
             Began as a Tengu Warper on Jan 23, 2023.
             Slain by an orc wizard
             ... wielding a +0 dagger
              (3 damage)
             ... on level 2 of the Dungeon.
             The game lasted 00:01:20 (1161 turns).

Leeroy the Slasher (Tengu Warper)                   Turns: 1161, Time: 00:01:21

Health: 0/26       AC:  4    Str: 11    XL:     4   Next: 79%
Magic:  8/8        EV: 12    Int: 13    God:
Gold:   48         SH:  0    Dex: 16    Spells: 7/7 levels left

rFire   . . .      SeeInvis .    a - +0 falchion
rCold   + . .      Faith    .    (no shield)
rNeg    . . .      Spirit   .    b - +0 leather armour
rPois   .          Reflect  .    (helmet restricted)
rElec   .          Harm     .    i - +0 cloak
rCorr   .          Rampage  .    (no gloves)
Will    .....                    (boots unavailable)
Stlth   +                        (no amulet)
HPRegen 0.24/turn                j - ring of protection from cold
MPRegen 0.11/turn                (no ring)

@: no status effects
A: beak, talons 3
a: no special abilities


You were on level 2 of the Dungeon.
You visited 1 branch of the dungeon, and saw 2 of its levels.

You collected 48 gold pieces.

Inventory:

Hand Weapons
 a - a +0 falchion (weapon)
Missiles
 d - 7 boomerangs of dispersal (quivered)
Armour
 b - a +0 leather armour (worn)
 i - a +0 cloak (worn)
Jewellery
 j - a ring of protection from cold (left hand)
Scrolls
 c - a scroll of blinking
 e - 3 scrolls of teleportation {unknown}
 f - a scroll of immolation {unknown}
 k - a scroll of poison {unknown}
Potions
 g - a potion of haste {unknown}
 h - a potion of attraction {unknown}
 l - a potion of might {unknown}


   Skills:
 - Level 2.0 Fighting
 + Level 5.3 Long Blades
 - Level 1.0 Throwing
 - Level 1.1 Armour
 - Level 2.1 Dodging
 - Level 2.0 Spellcasting
 - Level 2.4 Translocations


You had 7 spell levels left.
You didn't know any spells.
Your spell library contained the following spells:

 Spells                   Type           Power      Damage    Failure   Level
 Blink                    Tloc           14%        N/A       19%         2
 Lesser Beckoning         Tloc           14%        N/A       19%         2
 Teleport Other           Tloc           7%         N/A       36%         3
 Vhi's Electric Charge    Tloc/Air       8%         N/A       52%         3
 Manifold Assault         Tloc           7%         N/A       77%         4
 Storm Form               Tmut/Air       0%         N/A       100%        7


Dungeon Overview and Level Annotations

Branches:
Dungeon (2/15)

Altars:


Innate Abilities, Weirdness & Mutations

You have a beak for a mouth.
You have claws for feet.


Message History

You hit the orc.
The orc is heavily wounded.
You hear some strange, mumbled words.
A magic dart appears from out of thin air!
The magic dart hits you! The endoplasm freezes you.
You are frozen.
You resist.
* * * LOW HITPOINT WARNING * * *
The orc misses you.
You hit the orc. Your kick misses the orc. You peck the orc, but do no damage.
The orc is severely wounded.
The endoplasm closely misses you. The orc barely misses you.
Something hits you but does no damage.
You slash the orc!
You kill the orc!
Something hits you but does no damage. The endoplasm freezes you.
You are frozen.
You resist.
* * * LOW HITPOINT WARNING * * *
You hit the endoplasm.
You kill the endoplasm!
Something hits you but does no damage.
You closely miss something. You peck something. Something hits you.
* * * LOW HITPOINT WARNING * * *
You barely miss something. Your kick misses something. Something hits you.
* * * LOW HITPOINT WARNING * * *
You closely miss something. Your peck misses something.
Something hits you but does no damage.
You closely miss something. You claw something. Something hits you.
* * * LOW HITPOINT WARNING * * *
You closely miss something. Your kick misses something. You peck something.
Something hits you but does no damage.
You closely miss something. Your kick misses something.
Your peck misses something. Something hits you.
* * * LOW HITPOINT WARNING * * *
You hit something. Your kick misses something. Your peck misses something.
Something hits you but does no damage.
You hit something but do no damage. Your peck misses something.
Something hits you.
You die...

...####### ......#
.........# ......#
....)....########......#
##.............#.......'
##.....................#
######.#..............
#...#####....###
###.#.#.#....#
#.....#)@†.#
........#.#.#.{)......
........#####.........
......... ..........
......... #......>...
........## ...........
..>....## ##..[.......
....... #..........


There were no monsters in sight!

Vanquished Creatures
  An orc wizard (D:2)
  2 adders (D:2)
  2 orcs (D:2)
  6 endoplasms
  3 giant cockroaches
  6 goblins
  5 hobgoblins (D:1)
  8 jackals (D:1)
  2 quokkas (D:2)
  7 ball pythons (D:1)
  4 bats
  A frilled lizard (D:1)
  2 kobolds (D:1)
  4 rats
53 creatures vanquished.

Vanquished Creatures (others)
  8 plants (D:2)
  7 withered plants (D:2)
15 creatures vanquished.

Grand Total: 68 creatures vanquished

Notes
Turn   | Place    | Note
-------+----------+-------------------------------------------
     0 | D:1      | Leeroy the Tengu Warper began the quest for the Orb.
     0 | D:1      | Reached XP level 1. HP: 12/12 MP: 4/4
    65 | D:1      | Reached skill level 3 in Long Blades
    65 | D:1      | Reached XP level 2. HP: 13/17 MP: 6/6
   480 | D:1      | Reached XP level 3. HP: 13/21 MP: 7/7
   546 | D:1      | Reached skill level 4 in Long Blades
  1070 | D:2      | Reached XP level 4. HP: 21/26 MP: 8/8
  1146 | D:2      | Reached skill level 5 in Long Blades
  1161 | D:2      | Slain by an orc wizard

Illustrated notes

Levels and vault maps discovered:
D:1:      dpeg_arrival_morbid_curiosity, layout_basic,
          chequers_serial_rivers_room_b, interstate_on_off,
          hangedman_decor_growths
D:2:      layout_basic, shapermc_ecumenical_altar_flowoftime,
          minmay_split_cup_small, uniq_crazy_yiuf_cottage

Skill      XL: |  1  2  3  4 |
---------------+-------------+-----
Long Blades    | 3 4 5 |  5.3
Fighting       | |  2.0
Throwing       | |  1.0
Armour         | |  1.1
Dodging        | |  2.1
Spellcasting   | |  2.0
Translocations | |  2.4

Action                     |  1- 3 |  4- 6 || total
---------------------------+-------+-------++-------
  Melee: Falchion          |    71 |    27 ||    98
         Kick              |    19 |     7 ||    26
         Peck              |     5 |     5 ||    10
 Armour: Leather armour    |    31 |    15 ||    46
  Dodge: Dodged            |    46 |    17 ||    63

Table legend: (Time is in decaauts)
 A = Elapsed time spent in this place.
 B = Non-inter-level travel time spent in this place.
 C = Inter-level travel time spent in this place.
 D = Time resting spent in this place.
 E = Time spent auto-exploring this place.
 F = Levels seen in this place.
 G = Mean time per level.
                   A        B        C        D        E       F      G
               +--------+--------+--------+--------+--------+-----+--------+
         Total |   1170 |   1170 |      0 |      0 |    899 |   2 |  585.0 |
       Dungeon |   1170 |   1170 |      0 |      0 |    899 |   2 |  585.0 |
               +--------+--------+--------+--------+--------+-----+--------+

Top non-repeatable levels by time:
     D:1: 935 daAuts
     D:2: 234 daAuts
